AoeStats
← 3119395234

Arena

511034277Analyzed
4v4 RM · 6h ago on Oct 3, 2026· 56m 41s· 8 players
Game mode
Random Map
Map size
Large (8 player)
Population
200
Speed
Normal
Resources
Standard
Victory
Conquest
Starting age
Dark Age
Ending age
Imperial Age
RankedLock teamsTeams togetherTeam positionsShared explorationLock speedFull tech treeHidden civsTurbo modeCheats
Victory
Defeat
🇪🇸 Britons · Spain
635
+7
🇺🇸 Persians · United States
630
+8
🇨🇳 Teutons · China
513
+12
🇳🇴 Franks · Norway
472
+12
🇺🇸 Franks · United States
483
-24
🇩🇪 Byzantines · Germany
421
-10
🇪🇸 Gurjaras · Spain
393
-9
🇧🇪 Teutons · Belgium
376
-8
3119395234
1:19 Loom
13:57 Feudal Age
14:26 Double-Bit Axe
15:20 Wheelbarrow
14:28 Horse Collar
17:01 Stone Mining
17:02 Gold Mining
24:29 Castle Age
24:04 Town Watch
25:50 Coinage
25:21 Caravan
26:17 Bow Saw
26:12 Heavy Plow
26:32 Hand Cart
26:19 Town Patrol
31:04 Stone Shaft Mining
32:44 Forging
32:42 Scale Barding Armor
32:39 Scale Mail Armor
34:28 Fletching
35:13 Iron Casting
35:10 Chain Barding Armor
37:47 Imperial Age
37:03 Fortified Wall
37:15 Ballistics
36:59 Bodkin Arrow
37:21 Chain Mail Armor
40:28 Blast Furnace
40:31 Chemistry
39:16 Arrowslits
40:07 Crop Rotation
40:19 Plate Barding Armor
40:16 Plate Mail Armor
40:52 Two-Man Saw
40:28 Banking
40:08 Guilds
40:19 Clinker Construction
40:20 Careening
39:36 Cavalier
41:54 Conscription
40:55 Elite Teutonic Knight
41:06 Heavy Scorpion
41:55 Padded Archer Armor
42:48 Paladin
45:31 Leather Archer Armor
45:45 Carvel Hull
45:31 Siphons
48:07 Ironclad
47:18 Sappers
48:24 Hoardings
48:47 Onager
48:48 Capped Ram
54:30 Masonry
54:48 Bombard Tower
54:19 Guard Tower
54:20 Heated Shot
54:36 Siege Engineers
54:45 Bloodlines
54:01 Man-at-Arms
54:27 Gambesons
54:43 Squires
54:29 Arson
54:04 Pikeman
55:18 Ring Archer Armor
Earthwurmjimm
11:23 Feudal Age
13:00 Wheelbarrow
13:07 Double-Bit Axe
17:24 Castle Age
20:04 Hand Cart
20:11 Bow Saw
20:14 Gold Mining
22:13 Scale Barding Armor
22:23 Forging
33:11 Chain Barding Armor
33:27 Iron Casting
32:59 Husbandry
35:30 Stone Mining
36:16 Gold Shaft Mining
36:29 Pikeman
37:10 Squires
36:58 Gambesons
36:59 Arson
41:13 Imperial Age
39:14 Scale Mail Armor
41:38 Cavalier
42:29 Chivalry
43:46 Plate Barding Armor
44:33 Blast Furnace
44:19 Coinage
44:01 Caravan
45:57 Chain Mail Armor
45:51 Halberdier
50:13 Plate Mail Armor
50:52 Loom
51:04 Paladin
cbgb
11:35 Feudal Age
12:34 Double-Bit Axe
12:33 Horse Collar
15:07 Wheelbarrow
18:16 Castle Age
16:31 Gold Mining
19:00 Bow Saw
19:47 Heavy Plow
19:39 Loom
21:53 Gold Shaft Mining
22:57 Hand Cart
22:42 Stone Mining
28:07 Imperial Age
27:45 Caravan
27:40 Fletching
27:48 Murder Holes
29:00 Crop Rotation
31:08 Chemistry
30:22 Guilds
31:56 Two-Man Saw
31:30 Gambesons
32:39 Bloodlines
33:23 Bodkin Arrow
33:50 Town Watch
35:14 Ballistics
36:58 Scale Barding Armor
37:05 Forging
36:20 Cavalier
37:23 Town Patrol
38:54 Elite War Elephant
41:40 Chain Barding Armor
41:56 Iron Casting
45:39 Savar
wwwb5000
11:37 Feudal Age
13:01 Wheelbarrow
12:17 Double-Bit Axe
12:34 Horse Collar
13:09 Gold Mining
13:15 Stone Mining
20:48 Castle Age
19:13 Padded Archer Armor
19:19 Fletching
19:57 Scale Mail Armor
20:29 Scale Barding Armor
21:21 Forging
21:42 Bow Saw
21:59 Heavy Plow
24:45 Hand Cart
25:30 Leather Archer Armor
25:11 Bodkin Arrow
29:15 Coinage
28:45 Caravan
29:08 Squires
28:29 Pikeman
28:54 Arson
30:09 Chain Mail Armor
31:30 Bodkin Arrow
33:25 Chain Barding Armor
33:40 Iron Casting
38:45 Imperial Age
37:26 Crossbowman
38:57 Gold Shaft Mining
38:54 Masonry
38:25 Treadmill Crane
39:05 Ballistics
38:36 Guard Tower
38:37 Heated Shot
39:17 Town Watch
39:17 Loom
40:36 Two-Man Saw
40:16 Banking
40:25 Architecture
39:41 Arrowslits
39:53 Murder Holes
40:09 Clinker Construction
40:04 Siege Engineers
40:10 Fortified Wall
41:59 Chemistry
41:04 Siphons
41:10 Careening
40:56 Sappers
42:41 Guilds
42:46 Husbandry
42:57 Cavalier
43:44 Elite Longbowman
48:45 Arbalester
GorritoP11
10:43 Feudal Age
15:00 Double-Bit Axe
20:50 Castle Age
27:42 Horse Collar
27:53 Double-Bit Axe
37:04 Imperial Age
38:25 Pikeman
41:35 Halberdier
49:05 Scale Mail Armor
51:08 Hoardings
TheShadRipper
12:27 Feudal Age
15:51 Wheelbarrow
22:35 Horse Collar
27:00 Castle Age
30:10 Stone Mining
37:16 Imperial Age
37:03 Stone Shaft Mining
38:01 Ironclad
37:20 Elite Teutonic Knight
38:24 Conscription
41:37 Town Watch
48:49 Pikeman
49:18 Arson
49:42 Double-Bit Axe
50:57 Halberdier
XxkelvinxX7o7
12:59 Feudal Age
18:44 Double-Bit Axe
26:46 Castle Age
24:51 Loom
28:43 Wheelbarrow
32:13 Hand Cart
31:56 Elite Skirmisher
36:25 Gold Mining
36:30 Stone Mining
37:18 Pikeman
42:35 Gambesons
42:51 Squires
42:17 Crossbowman
kevinskyyt
13:06 Feudal Age
13:34 Horse Collar
13:51 Gold Mining
14:30 Double-Bit Axe
15:26 Stone Mining
28:28 Castle Age
28:09 Fletching
28:19 Padded Archer Armor
29:51 Wheelbarrow
29:03 Loom
29:25 Crossbowman
31:40 Thumb Ring
32:07 Crossbowman
33:35 Bloodlines
33:26 Husbandry
33:55 Crossbowman
35:20 Gold Shaft Mining
36:58 Kshatriyas
37:24 Arson
44:29 Imperial Age
43:31 Ballistics
46:17 Heavy Plow
46:56 Stone Shaft Mining
48:03 Frontier Guards
48:19 Hoardings
48:06 Conscription
Connection lost

Rejoining the realm…

Still unreachable

The connection could not be restored.

Session expired

The server has moved on; the page needs a fresh start.